 Dungeon Sprint DCSS version 0.17.1-2-g5865329 (webtiles) character file.

423244 hexophile the Swordmaster (level 21, -12/224 HPs)
             Began as a Minotaur Fighter on Jan 28, 2016.
             Was the Champion of Cheibriados.
             Killed from afar by a Brimstone Fiend (44 damage)
             ... with a blast of hellfire
             ... in the Dungeon (Sprint IX: "|||||||||||||||||||||||||||||").
             The game lasted 00:24:21 (8844 turns).

hexophile the Swordmaster (Minotaur Fighter)        Turns: 8844, Time: 00:24:21

Health: -12/224    AC: 41    Str: 38    XL:     21   Next: 59%
Magic:  54/54      EV: 36    Int: 25    God:    Cheibriados [******]
Gold:   1201       SH: 34    Dex: 37    Spells: 0 memorised, 74 levels left

rFire  + + +     SeeInvis +     p - +3 sacred scourge (holy)
rCold  + . .     Clarity  .     C - +3 gold dragon armour {rC+ rF+ rPois}
rNeg   . . .     SustAt   .     a - +3 large shield
rPois  +         Gourm    .     D - +0 hat of Immorality {Str+4}
rElec  .         Spirit   .     F - +1 cloak
rCorr  +         Warding  .     S - +1 pair of gloves
rMut   .         NoTele   +     y - +0 pair of boots
MR     +....                    M - amulet "Weitsuas" {rCorr Str+2 Dex+6}
Stlth  ..........               N - ring "Xetisaep" {rPois rF++ Str-4 Int+3 SInv}
                                K - ring "Yrphoz" {MP+9 AC+3 Slay+2}

@: very slow, somewhat resistant to hostile enchantments, extremely unstealthy
A: retaliatory headbutt, horns 2, low mp 1, weak 1, MP-powered wands
a: Bend Time, Temporal Distortion, Slouch, Step From Time, Renounce Religion
0: Orb of Zot
}: 5/15 runes: decaying, serpentine, barnacled, silver, gossamer


You were in the Dungeon.
You worshipped Cheibriados.
Cheibriados was exalted by your worship.
You were full.

You visited 1 branch You collected 1959 gold pieces.
You spent 758 gold pieces at shops.


Innate Abilities, Weirdness & Mutations

You reflexively headbutt those who attack you in melee.
You have a pair of horns on your head.
Your magical capacity is low (-10% MP).
You are weak. (Str -2)
You expend magic power (3 MP) to strengthen your wands.

Inventory:

Hand Weapons
 o - a +2 scimitar of holy wrath
 p - a +3 sacred scourge of holy wrath (weapon)
 E - a +9 double sword of protection
 P - a +5 double sword of venom
 R - a +9 vampiric demon blade
Armour
 a - a +3 large shield (worn)
 y - a +0 pair of boots (worn)
 C - a +3 gold dragon armour (worn) {rC+ rF+ rPois}
 D - the +0 hat of Immorality (worn) {Str+4}
   (You found it in the Dungeon)

   It affects your strength (+4).
 F - a +1 cloak (worn)
 S - a +1 pair of gloves (worn)
Magical Staves
 l - an uncursed staff of energy {channel}
Jewellery
 b - a +2 ring of protection
 c - a +6 ring of dexterity
 u - an uncursed amulet of the gourmand {Gourm}
 K - the ring "Yrphoz" (left hand) {MP+9 AC+3 Slay+2}
   (You found it in the Dungeon)

   [ring of protection]

   It affects your AC (+3).
   It affects your accuracy and damage with ranged weapons and melee attacks
   (+2).
   It affects your magic capacity (+9).
 L - the amulet of Benevolence {Spirit rElec}
   (You found it in the Dungeon)

   [amulet of guardian spirit]

   It causes incoming damage to be split between your health and magic.
   It insulates you from electricity.
 M - the amulet "Weitsuas" (around neck) {rCorr Str+2 Dex+6}
   (You found it in the Dungeon)

   [amulet of resist corrosion]

   It protects you from acid and corrosion.
   It affects your strength (+2).
   It affects your dexterity (+6).
 N - the ring "Xetisaep" (right hand) {rPois rF++ Str-4 Int+3 SInv}
   (You found it in the Dungeon)

   [ring of intelligence]

   It affects your strength (-4).
   It affects your intelligence (+3).
   It greatly protects you from fire.
   It protects you from poison.
   It lets you see invisible.
 O - the ring of Qocsutz {*Confuse Str+7 SInv}
   (You found it in the Dungeon)

   [ring of see invisible]

   It affects your strength (+7).
   It lets you see invisible.
   It may confuse you when you take damage.
Wands
 n - a wand of cold (7)
 G - a wand of teleportation (9) {!V}
Scrolls
 k - 5 scrolls of blinking
 m - 2 scrolls of remove curse
 q - 2 scrolls of amnesia
 s - 5 scrolls of identify
 v - a scroll of fog
 w - 2 scrolls of fear
 x - 2 scrolls of recharging
Potions
 d - 6 potions of might {Str+5 DMG+1d10}
 e - a potion of invisibility
 f - 7 potions of curing
 g - 12 potions of heal wounds
 h - 7 potions of haste
 i - 4 potions of magic
 j - 2 potions of berserk rage
 A - a potion of agility {Stlth+ Dex+5 EV+5}
 H - a potion of ambrosia {unknown}
 J - a potion of cancellation {unknown}
Comestibles
 r - 9 bread rations
 z - 40 fruits
 B - 12 meat rations


You had 74 spell levels left.
You didn't know any spells.


   Skills:
 O Level 27 Fighting
 O Level 27 Long Blades
 + Level 24.7 Maces & Flails
 O Level 27 Armour
 O Level 27 Dodging
 O Level 27 Shields
 O Level 27 Spellcasting
 O Level 27 Invocations
 - Level 26.8 Evocations

Dungeon Overview and Level Annotations

Branches:
Dungeon (1/1)

Altars:
Cheibriados
Dithmenos
Elyvilon
Fedhas
Gozag
Kikubaaqudgha
Makhleb
Nemelex Xobeh
Okawaru
Qazlal
Ru
Sif Muna
Trog
Vehumet
Xom
Yredelemnul
Zin
The Shining One
Beogh
Jiyva
Lugonu

Shops:
D [*[?

Vault maps used:
D:        linesprint
You       could see a
Brimstone Fiend.


Message History

Your wand of teleportation {recharged} {!V} glows for a moment.
Evoke which item? (* to show all) (? for menu, Esc to quit)
Really evoke
G - a wand of teleportation {recharged} {!V}?
Zapping:
G - a wand of teleportation {recharged} {!V} (will waste charges)
Press: ? - help, Shift-Dir - straight line, f - you Long-range teleportation is disallowed in Dungeon Sprint.
Things that are here:
a halberd; an animal skin A Brimstone Fiend comes into view.
The Brimstone Fiend gestures at you.
The hellfire explodes!
The blast of hellfire engulfs you!
The Brimstone Fiend calls on the powers of darkness!
Your body is wracked with pain!
* * * LOW HITPOINT WARNING * * *
The Brimstone Fiend gestures at you.
The hellfire explodes!
The blast of hellfire engulfs you!
* * * LOW HITPOINT WARNING * * *
The Brimstone Fiend gestures at you.
The hellfire explodes!
The blast of hellfire engulfs you!
* * * LOW HITPOINT WARNING * * *
The Brimstone Fiend calls on the powers of darkness!
Your body is wracked with pain!
* * * LOW HITPOINT WARNING * * *
Unknown command.
Unknown command.
Unknown command. !MASSIVE DAMAGE!
YOU LOST 133 HP!
You have now: 11/224 HP.
Unknown command.
Unknown command.
Unknown command.
Read which item? (? for menu, Esc to quit)
Your blink will be uncontrolled - continue anyway? [Y]es or [N]o only, please.
Your blink will be uncontrolled - continue anyway? [Y]es or [N]o only, please.
Your blink will be uncontrolled - continue anyway? [Y]es or [N]o only, please.
Your blink will be uncontrolled - continue anyway?
Okay, then.
Unknown command.
Unknown command.
Drink which item? (? for menu, Esc to quit)
You feel much better.
Restored 21 HP.
You have now: 32/224 HP.
You thrash the Brimstone Fiend!!
The Brimstone Fiend convulses!!!
The Brimstone Fiend is severely wounded.
The Brimstone Fiend gestures at you.
The hellfire explodes!
The blast of hellfire engulfs you!
You die...

Action                   |  1- 3 |  4- 6 |  7- 9 | 10-12 | 13-15 | 16-18 | 19-21 || total
-------------------------+-------+-------+-------+-------+-------+-------+-------++-------
Melee: Long sword        |    58 |       |       |       |       |       |       ||    58
       Scimitar          |     5 |    26 |    82 |   164 |       |       |       ||   277
       Double sword      |       |       |       |    82 |   509 |   273 |     3 ||   867
       Demon blade       |       |       |       |       |       |   374 |   435 ||   809
       Sacred scourge    |       |       |       |       |       |       |   126 ||   126
Invok: Slouch            |       |       |       |     5 |     6 |       |    21 ||    32
       Bend Time         |       |       |       |       |     2 |       |     2 ||     4
  Use: Potion            |     1 |       |       |       |       |       |     8 ||     9
       Scroll            |       |       |       |     9 |     1 |     8 |     3 ||    21
 Stab: Distracted        |       |       |       |       |       |     1 |       ||     1
  Eat: Bread ration      |       |       |     1 |       |       |     2 |     3 ||     6
       Chunk             |       |       |    14 |     7 |     6 |     1 |     1 ||    29

Notes
Turn   | Place    | Note
--------------------------------------------------------------
     0 | D        | hexophile the Minotaur Fighter began the quest for the Orb.
     0 | D        | Reached XP level 1. HP: 19/19 MP: 0/0
     7 | D        | Reached skill level 4 in Fighting
     7 | D        | Reached skill level 3 in Long Blades
    15 | D        | Reached skill level 4 in Long Blades
    60 | D        | Noticed a crimson imp
    67 | D        | Reached skill level 5 in Fighting
    67 | D        | Reached XP level 2. HP: 18/29 MP: 1/1
    95 | D        | Reached skill level 5 in Long Blades
   101 | D        | Reached skill level 6 in Fighting
   114 | D        | Killed a crimson imp
   114 | D        | Reached skill level 7 in Fighting
   114 | D        | Reached skill level 6 in Long Blades
   114 | D        | Reached XP level 3. HP: 25/39 MP: 2/2
   153 | D        | Found a glowing silver altar of Zin.
   153 | D        | Found a glowing golden altar of the Shining One.
   153 | D        | Found an ancient bone altar of Kikubaaqudgha.
   153 | D        | Found a basalt altar of Yredelemnul.
   153 | D        | Found a shimmering altar of Xom.
   153 | D        | Found a radiant altar of Vehumet.
   154 | D        | Found an iron altar of Okawaru.
   155 | D        | Found a burning altar of Makhleb.
   156 | D        | Found a deep blue altar of Sif Muna.
   157 | D        | Found a bloodstained altar of Trog.
   158 | D        | Found a sparkling altar of Nemelex Xobeh.
   159 | D        | Found a white marble altar of Elyvilon.
   160 | D        | Found a roughly hewn altar of Beogh.
   161 | D        | Found a viscous altar of Jiyva.
   162 | D        | Found a corrupted altar of Lugonu.
   163 | D        | Found a blossoming altar of Fedhas.
   164 | D        | Found a snail-covered altar of Cheibriados.
   165 | D        | Found a shadowy altar of Dithmenos.
   166 | D        | Found a stormy altar of Qazlal.
   167 | D        | Found an opulent altar of Gozag.
   168 | D        | Found a sacrificial altar of Ru.
   174 | D        | Became a worshipper of Cheibriados the Contemplative
   310 | D        | Noticed a phantom
   310 | D        | Noticed a hungry ghost
   310 | D        | Noticed an eye of draining
   310 | D        | Noticed an ice beast
   310 | D        | Noticed a scorpion
   310 | D        | Noticed a centaur
   316 | D        | Killed a centaur
   316 | D        | Reached skill level 9 in Fighting
   316 | D        | Reached skill level 8 in Long Blades
   316 | D        | Reached XP level 4. HP: 38/50 MP: 0/3
   316 | D        | Reached XP level 5. HP: 43/57 MP: 0/4
   319 | D        | Killed a scorpion
   319 | D        | Reached * piety under Cheibriados
   319 | D        | Reached skill level 9 in Long Blades
   319 | D        | Reached skill level 2 in Invocations
   325 | D        | Killed an ice beast
   325 | D        | Reached skill level 10 in Fighting
   325 | D        | Reached skill level 10 in Long Blades
   325 | D        | Reached skill level 4 in Invocations
   325 | D        | Reached XP level 6. HP: 51/67 MP: 0/8
   329 | D        | Killed an eye of draining
   329 | D        | Reached skill level 11 in Fighting
   329 | D        | Reached skill level 5 in Invocations
   341 | D        | Killed a hungry ghost
   341 | D        | Reached skill level 11 in Long Blades
   341 | D        | Reached skill level 6 in Invocations
   343 | D        | Killed a phantom
   343 | D        | Reached ** piety under Cheibriados
   343 | D        | Reached skill level 12 in Fighting
   343 | D        | Reached XP level 7. HP: 55/77 MP: 2/11
   415 | D        | Noticed a manticore
   415 | D        | Noticed a hound
   415 | D        | Noticed a killer bee
   415 | D        | Noticed an ogre
   415 | D        | Noticed a crimson imp
   415 | D        | Noticed a giant frog
   419 | D        | Killed a giant frog
   419 | D        | Reached skill level 12 in Long Blades
   419 | D        | Reached skill level 7 in Invocations
   426 | D        | Killed an ogre
   432 | D        | Killed a manticore
   432 | D        | Reached *** piety under Cheibriados
   432 | D        | Reached skill level 13 in Fighting
   432 | D        | Reached skill level 13 in Long Blades
   432 | D        | Reached skill level 8 in Invocations
   432 | D        | Reached XP level 8. HP: 28/86 MP: 11/13
   437 | D        | Killed a killer bee
   440 | D        | Killed a hound
   440 | D        | Reached **** piety under Cheibriados
   447 | D        | Killed a crimson imp
   612 | D        | Got the cursed ring of Incredulity {rPois Str+5 Int-2}
   629 | D        | Noticed an iguana
   629 | D        | Noticed a giant frog
   629 | D        | Noticed a blink frog
   629 | D        | Noticed a yak
   629 | D        | Noticed a spiny frog
   629 | D        | Noticed an iguana
   630 | D        | Killed an iguana
   632 | D        | Noticed a water moccasin
   634 | D        | Noticed a water moccasin
   636 | D        | Noticed a komodo dragon
   636 | D        | Killed a spiny frog
   636 | D        | Reached ***** piety under Cheibriados
   636 | D        | Reached skill level 9 in Invocations
   639 | D        | Killed a yak
   639 | D        | Reached skill level 14 in Fighting
   642 | D        | Killed a blink frog
   642 | D        | Reached skill level 14 in Long Blades
   646 | D        | Killed a giant frog
   646 | D        | Reached skill level 10 in Invocations
   647 | D        | Killed an iguana
   649 | D        | Killed a water moccasin
   649 | D        | Reached skill level 4 in Armour
   649 | D        | Reached skill level 1 in Dodging
   649 | D        | Reached skill level 4 in Shields
   649 | D        | Reached XP level 9. HP: 68/96 MP: 15/15
   651 | D        | Killed a water moccasin
   651 | D        | Reached ****** piety under Cheibriados
   655 | D        | Killed a komodo dragon
   655 | D        | Reached skill level 5 in Armour
   655 | D        | Reached skill level 2 in Dodging
   655 | D        | Reached skill level 5 in Shields
   755 | D        | Noticed a blink frog
   755 | D        | Noticed a hippogriff
   755 | D        | Noticed a water moccasin
   755 | D        | Noticed a water moccasin
   755 | D        | Noticed a giant frog
   755 | D        | Noticed a spiny frog
   757 | D        | Killed a spiny frog
   757 | D        | Reached skill level 3 in Dodging
   758 | D        | Noticed a komodo dragon
   760 | D        | Noticed a crocodile
   760 | D        | Killed a giant frog
   760 | D        | Reached skill level 4 in Dodging
   762 | D        | Killed a water moccasin
   762 | D        | Reached skill level 6 in Armour
   762 | D        | Reached skill level 6 in Shields
   763 | D        | Killed a water moccasin
   764 | D        | Noticed a black mamba
   766 | D        | Killed a hippogriff
   766 | D        | Reached skill level 15 in Long Blades
   771 | D        | Killed a komodo dragon
   771 | D        | Reached skill level 5 in Dodging
   771 | D        | Reached skill level 11 in Invocations
   772 | D        | Killed a blink frog
   772 | D        | Reached skill level 7 in Armour
   772 | D        | Reached skill level 7 in Shields
   775 | D        | Killed a crocodile
   778 | D        | Killed a black mamba
   831 | D        | Noticed a wolf
   831 | D        | Noticed a wolf
   831 | D        | Noticed a warg
   832 | D        | Noticed a warg
   833 | D        | Noticed a hell hound
   833 | D        | Noticed a warg
   836 | D        | Noticed a wolf
   839 | D        | Killed a warg
   839 | D        | Reached XP level 10. HP: 100/104 MP: 17/17
   841 | D        | Killed a warg
   841 | D        | Reached skill level 6 in Dodging
   847 | D        | Killed a warg
   848 | D        | Killed a hell hound
   848 | D        | Reached skill level 8 in Armour
   848 | D        | Reached skill level 8 in Shields
   849 | D        | Noticed a warg
   849 | D        | Killed a wolf
   851 | D        | Killed a wolf
   853 | D        | Killed a wolf
   856 | D        | Killed a warg
   949 | D        | Noticed Sonja
   969 | D        | Killed Sonja
   969 | D        | Reached skill level 9 in Armour
   969 | D        | Reached skill level 7 in Dodging
   969 | D        | Reached skill level 9 in Shields
  1020 | D        | Noticed an orc priest
  1020 | D        | Noticed an orc priest
  1020 | D        | Noticed an orc wizard
  1020 | D        | Noticed an orc wizard
  1020 | D        | Noticed an orc wizard
  1020 | D        | Noticed an orc priest
  1022 | D        | Killed an orc priest
  1023 | D        | Killed an orc wizard
  1024 | D        | Noticed an orc warrior
  1025 | D        | Killed an orc wizard
  1027 | D        | Killed an orc wizard
  1029 | D        | Killed an orc priest
  1031 | D        | Killed an orc warrior
  1031 | D        | Reached skill level 16 in Long Blades
  1031 | D        | Reached skill level 12 in Invocations
  1033 | D        | Noticed an orc priest
  1034 | D        | Killed an orc priest
  1039 | D        | Killed an orc priest
  1115 | D        | Noticed an orc knight
  1116 | D        | Noticed an orc wizard
  1123 | D        | Killed an orc knight
  1123 | D        | Reached skill level 8 in Dodging
  1127 | D        | Killed an orc wizard
  1168 | D        | Noticed an orc warrior
  1168 | D        | Noticed an orc warrior
  1168 | D        | Noticed an orc warrior
  1168 | D        | Noticed an orc warrior
  1168 | D        | Noticed an orc warrior
  1168 | D        | Noticed an orc knight
  1173 | D        | Noticed an orc warrior
  1179 | D        | Killed an orc knight
  1180 | D        | Noticed an orc warrior
  1187 | D        | Killed an orc warrior
  1189 | D        | Noticed an orc warrior
  1190 | D        | Killed an orc warrior
  1191 | D        | Noticed an orc warrior
  1194 | D        | Noticed an orc knight
  1194 | D        | Killed an orc warrior
  1194 | D        | Reached skill level 10 in Shields
  1201 | D        | Killed an orc warrior
  1203 | D        | Killed an orc warrior
  1203 | D        | Reached skill level 10 in Armour
  1204 | D        | Noticed an orc warrior
  1207 | D        | Killed an orc knight
  1209 | D        | Killed an orc warrior
  1212 | D        | Killed an orc warrior
  1216 | D        | Killed an orc warrior
  1216 | D        | Reached skill level 9 in Dodging
  1218 | D        | Killed an orc warrior
  1218 | D        | Reached XP level 11. HP: 97/111 MP: 14/19
  1220 | D        | Killed an orc warrior
  1306 | D        | Found Gomy's Magic Scroll Boutique.
  1306 | D        | Noticed an ogre
  1306 | D        | Noticed an ogre mage
  1306 | D        | Noticed an ogre mage
  1306 | D        | Noticed an ogre mage
  1306 | D        | Noticed an ogre mage
  1307 | D        | Noticed an ogre
  1311 | D        | Noticed an ogre mage
  1316 | D        | Killed an ogre mage
  1317 | D        | Found Ilurerakk's Antique Armour Shop.
  1319 | D        | Noticed a two-headed ogre
  1319 | D        | Killed an ogre mage
  1319 | D        | Reached skill level 11 in Armour
  1319 | D        | Reached skill level 11 in Shields
  1319 | D        | Reached skill level 13 in Invocations
  1321 | D        | Killed an ogre mage
  1321 | D        | Reached skill level 17 in Long Blades
  1324 | D        | Noticed an ogre mage
  1327 | D        | Killed an ogre mage
  1327 | D        | Reached skill level 10 in Dodging
  1330 | D        | Killed a two-headed ogre
  1336 | D        | Killed an ogre mage
  1338 | D        | Killed an ogre
  1339 | D        | Found Ureaf's General Store.
  1339 | D        | Noticed a two-headed ogre
  1343 | D        | Killed an ogre mage
  1343 | D        | Reached skill level 12 in Armour
  1343 | D        | Reached skill level 12 in Shields
  1345 | D        | Killed an ogre
  1346 | D        | Noticed a two-headed ogre
  1348 | D        | Killed a two-headed ogre
  1349 | D        | Noticed a two-headed ogre
  1350 | D        | Noticed a two-headed ogre
  1350 | D        | Found Laom's Armour Shop.
  1353 | D        | Killed a two-headed ogre
  1355 | D        | Killed a two-headed ogre
  1357 | D        | Killed a two-headed ogre
  1406 | D        | Bought an ancient plate armour for 560 gold pieces
  1416 | D        | Identified the +2 plate armour "Arej" {+Fly rF+ Str-3 Int-5} (You bought it in a shop in the Dungeon)
  1429 | D        | Bought a bread ration for 60 gold pieces
  1429 | D        | Bought a scroll of enchant weapon for 90 gold pieces
  1429 | D        | Bought a potion of might for 48 gold pieces
  1463 | D        | Noticed a wraith
  1464 | D        | Noticed Josephine
  1465 | D        | Noticed a wraith
  1466 | D        | Noticed a wraith
  1470 | D        | Killed Josephine
  1470 | D        | Reached skill level 11 in Dodging
  1473 | D        | Killed a wraith
  1478 | D        | Killed a wraith
  1480 | D        | Killed a wraith
  1509 | D        | Noticed a wolf
  1510 | D        | Noticed a wolf
  1511 | D        | Noticed Grum
  1512 | D        | Killed a wolf
  1514 | D        | Killed a wolf
  1514 | D        | Reached skill level 14 in Invocations
  1515 | D        | Noticed a wolf
  1522 | D        | Killed Grum
  1522 | D        | Reached skill level 18 in Long Blades
  1523 | D        | Killed a wolf
  1701 | D        | Noticed an ogre mage
  1701 | D        | Noticed a centaur warrior
  1701 | D        | Noticed a hungry ghost
  1701 | D        | Noticed a green ugly thing
  1701 | D        | Noticed a centaur
  1701 | D        | Noticed a komodo dragon
  1702 | D        | Killed a komodo dragon
  1702 | D        | Reached skill level 13 in Shields
  1703 | D        | Noticed an orc knight
  1704 | D        | Noticed a stone giant
  1707 | D        | Killed a green ugly thing
  1707 | D        | Reached skill level 13 in Armour
  1708 | D        | Noticed a tengu reaver
  1710 | D        | Killed a centaur
  1711 | D        | Noticed a cyclops
  1713 | D        | Killed a stone giant
  1713 | D        | Reached XP level 12. HP: 118/118 MP: 21/21
  1714 | D        | Noticed a fire dragon
  1717 | D        | Killed a hungry ghost
  1722 | D        | Killed a tengu reaver
  1722 | D        | Reached skill level 12 in Dodging
  1723 | D        | Noticed an entropy weaver
  1726 | D        | Killed a centaur warrior
  1727 | D        | Noticed a brown ugly thing
  1728 | D        | Noticed a rakshasa
  1733 | D        | Killed an ogre mage
  1734 | D        | Noticed a yaktaur
  1742 | D        | Killed an orc knight
  1742 | D        | Reached skill level 15 in Fighting
  1745 | D        | Killed a cyclops
  1745 | D        | Reached skill level 14 in Armour
  1745 | D        | Reached skill level 14 in Shields
  1985 | D        | Killed a brown ugly thing
  1986 | D        | Killed an entropy weaver
  1987 | D        | Killed a fire dragon
  2006 | D        | Killed a rakshasa
  2006 | D        | Reached skill level 19 in Long Blades
  2006 | D        | Reached skill level 13 in Dodging
  2006 | D        | Reached skill level 1 in Spellcasting
  2041 | D        | Killed a yaktaur
  2208 | D        | Noticed a naga
  2208 | D        | Noticed a salamander mystic
  2208 | D        | Noticed a mana viper
  2208 | D        | Noticed a salamander
  2208 | D        | Noticed a naga mage
  2208 | D        | Noticed a greater naga
  2212 | D        | Noticed a naga mage
  2215 | D        | Killed a greater naga
  2215 | D        | Reached skill level 2 in Spellcasting
  2218 | D        | Killed a naga mage
  2221 | D        | Noticed a naga sharpshooter
  2221 | D        | Killed a salamander
  2223 | D        | Killed a mana viper
  2224 | D        | Noticed a shock serpent
  2227 | D        | Killed a salamander mystic
  2227 | D        | Reached skill level 15 in Shields
  2229 | D        | Killed a naga mage
  2229 | D        | Reached skill level 16 in Fighting
  2229 | D        | Reached skill level 15 in Armour
  2235 | D        | Killed a naga sharpshooter
  2235 | D        | Reached skill level 3 in Spellcasting
  2238 | D        | Killed a naga
  2240 | D        | Killed a shock serpent
  2240 | D        | Reached XP level 13. HP: 55/128 MP: 22/22
  2524 | D        | Noticed a wind drake
  2524 | D        | Noticed a merfolk
  2524 | D        | Noticed a manticore
  2524 | D        | Noticed a snapping turtle
  2524 | D        | Noticed a merfolk avatar
  2524 | D        | Noticed a merfolk javelineer
  2525 | D        | Noticed a merfolk impaler
  2530 | D        | Killed a merfolk javelineer
  2531 | D        | Noticed a sea snake
  2536 | D        | Killed a merfolk avatar
  2537 | D        | Noticed a manticore
  2541 | D        | Killed a snapping turtle
  2545 | D        | Killed a manticore
  2549 | D        | Killed a merfolk
  2549 | D        | Reached skill level 14 in Dodging
  2554 | D        | Killed a wind drake
  2559 | D        | Killed a merfolk impaler
  2559 | D        | Reached skill level 4 in Spellcasting
  2564 | D        | Killed a sea snake
  2567 | D        | Killed a manticore
  2728 | D        | Noticed a demonic crawler
  2728 | D        | Noticed a wolf spider
  2728 | D        | Noticed a wolf spider
  2728 | D        | Noticed a jumping spider
  2730 | D        | Noticed a jumping spider
  2734 | D        | Killed a wolf spider
  2735 | D        | Noticed a demonic crawler
  2742 | D        | Killed a ghost moth
  2742 | D        | Reached skill level 20 in Long Blades
  2743 | D        | Noticed a trapdoor spider
  2745 | D        | Noticed a moth of wrath
  2745 | D        | Killed a wolf spider
  2746 | D        | Killed a jumping spider
  2748 | D        | Killed a demonic crawler
  2748 | D        | Reached skill level 16 in Armour
  2751 | D        | Killed a jumping spider
  2751 | D        | Reached skill level 16 in Shields
  2754 | D        | Killed a demonic crawler
  2756 | D        | Killed a trapdoor spider
  2759 | D        | Killed a moth of wrath
  2806 | D        | Noticed a giant leech
  2806 | D        | Noticed a seven-headed hydra
  2806 | D        | Noticed a bog body
  2806 | D        | Noticed a slime creature
  2806 | D        | Noticed a shambling mangrove
  2806 | D        | Noticed a slime creature
  2807 | D        | Noticed a bog body
  2810 | D        | Killed a slime creature
  2813 | D        | Noticed an alligator
  2814 | D        | Killed a shambling mangrove
  2814 | D        | Reached skill level 17 in Fighting
  2814 | D        | Reached skill level 5 in Spellcasting
  2816 | D        | Noticed a slime creature
  2819 | D        | Killed a slime creature
  2826 | D        | Killed a 12-headed hydra
  2830 | D        | Killed a bog body
  2833 | D        | Killed a giant leech
  2836 | D        | Killed an alligator
  2840 | D        | Killed a bog body
  2844 | D        | Killed a slime creature
  2918 | D        | Noticed a hog
  2919 | D        | Noticed a hog
  2920 | D        | Noticed a hog
  2921 | D        | Noticed Kirke
  2921 | D        | Killed a hog
  2925 | D        | Killed a hog
  2926 | D        | Noticed a hog
  2938 | D        | Killed Kirke
  2938 | D        | Reached skill level 15 in Dodging
  2938 | D        | Killed a hog
  2938 | D        | Killed a hog
  2976 | D        | Noticed a human
  2977 | D        | Noticed a human
  2992 | D        | Noticed a fire giant
  2992 | D        | Noticed a yaktaur
  2992 | D        | Noticed a tengu warrior
  2992 | D        | Noticed a tengu warrior
  2992 | D        | Noticed a rakshasa
  2992 | D        | Noticed an entropy weaver
  2994 | D        | Killed a human
  2994 | D        | Killed a yaktaur
  2995 | D        | Killed a tengu warrior
  2995 | D        | Killed a tengu warrior
  2996 | D        | Killed an entropy weaver
  2996 | D        | Reached skill level 6 in Spellcasting
  2996 | D        | Killed a rakshasa
  2997 | D        | Noticed a yaktaur captain
  2997 | D        | Noticed a deep troll earth mage
  2998 | D        | Noticed a storm dragon
  2999 | D        | Noticed a deep troll earth mage
  2999 | D        | Killed a fire giant
  2999 | D        | Reached skill level 17 in Armour
  2999 | D        | Reached skill level 17 in Shields
  3000 | D        | Noticed an ettin
  3001 | D        | Noticed a yaktaur captain
  3004 | D        | Noticed an ettin
  3006 | D        | Killed a yaktaur captain
  3010 | D        | Killed a deep troll earth mage
  3011 | D        | Noticed a frost giant
  3013 | D        | Noticed a giant orange brain
  3019 | D        | Killed a storm dragon
  3019 | D        | Reached skill level 18 in Fighting
  3019 | D        | Reached skill level 21 in Long Blades
  3019 | D        | Reached XP level 14. HP: 110/143 MP: 6/23
  3023 | D        | Killed a deep troll earth mage
  3028 | D        | Killed an ettin
  3030 | D        | Noticed a fire dragon
  3034 | D        | Killed a yaktaur captain
  3043 | D        | Killed a frost giant
  3043 | D        | Reached skill level 16 in Dodging
  3043 | D        | Reached skill level 7 in Spellcasting
  3051 | D        | Killed an ettin
  3052 | D        | Killed a giant orange brain
  3055 | D        | Killed a fire dragon
  3118 | D        | Noticed a fire giant
  3119 | D        | Noticed a centaur warrior
  3127 | D        | Killed a fire giant
  3131 | D        | Killed a centaur warrior
  3131 | D        | Reached skill level 18 in Shields
  3344 | D        | Noticed a fire dragon
  3344 | D        | Noticed a vault warden
  3344 | D        | Noticed a centaur warrior
  3344 | D        | Noticed a vault sentinel
  3344 | D        | Noticed an orc knight
  3344 | D        | Noticed a red ugly thing
  3346 | D        | Killed a red ugly thing
  3346 | D        | Reached skill level 18 in Armour
  3350 | D        | Killed an orc knight
  3352 | D        | Noticed a wolf spider
  3359 | D        | Killed a vault warden
  3361 | D        | Killed a vault sentinel
  3364 | D        | Killed a centaur warrior
  3370 | D        | Killed a fire dragon
  3372 | D        | Killed a wolf spider
  3372 | D        | Reached skill level 19 in Fighting
  3375 | D        | Killed a shadow wraith
  3376 | D        | Noticed a white ugly thing
  3377 | D        | Noticed a yaktaur
  3378 | D        | Noticed an orc knight
  3379 | D        | Noticed an orc knight
  3381 | D        | Killed a white ugly thing
  3381 | D        | Reached skill level 8 in Spellcasting
  3382 | D        | Killed a yaktaur
  3385 | D        | Noticed a boulder beetle
  3386 | D        | Killed an orc knight
  3390 | D        | Killed an orc knight
  3391 | D        | Noticed a vault warden
  3397 | D        | Killed a boulder beetle
  3404 | D        | Killed a vault warden
  3405 | D        | Noticed a red ugly thing
  3406 | D        | Noticed a sphinx
  3408 | D        | Noticed an ironheart preserver
  3411 | D        | Noticed an ogre mage
  3418 | D        | Killed a red ugly thing
  3418 | D        | Reached skill level 17 in Dodging
  3432 | D        | Noticed a stone giant
  3433 | D        | Killed a sphinx
  3433 | D        | Reached skill level 22 in Long Blades
  3441 | D        | Noticed an ogre mage
  3442 | D        | Killed an ironheart preserver
  3448 | D        | Killed a stone giant
  3451 | D        | Killed an ogre mage
  3455 | D        | Killed an ogre mage
  3673 | D        | Noticed a vault warden
  3683 | D        | Killed a vault warden
  3683 | D        | Reached skill level 19 in Armour
  3683 | D        | Reached skill level 19 in Shields
  4041 | D        | Got the +0 triple sword "Pismuroxt" {venom, rC+ Str+4 Int+3 Dex-4}
  4065 | D        | Got the +0 hat of Immorality {Str+4}
  4216 | D        | Noticed a swamp dragon
  4216 | D        | Noticed a swamp dragon
  4216 | D        | Noticed a swamp dragon
  4216 | D        | Noticed a swamp dragon
  4216 | D        | Noticed a six-headed hydra
  4216 | D        | Noticed a swamp dragon
  4218 | D        | Killed a swamp dragon
  4222 | D        | Killed a nine-headed hydra
  4223 | D        | Noticed a swamp dragon
  4224 | D        | Noticed an eight-headed hydra
  4224 | D        | Noticed an eight-headed hydra
  4227 | D        | Killed a swamp dragon
  4231 | D        | Killed a swamp dragon
  4234 | D        | Noticed a four-headed hydra
  4235 | D        | Noticed a five-headed hydra
  4236 | D        | Killed a swamp dragon
  4242 | D        | Noticed a swamp dragon
  4243 | D        | Killed a swamp dragon
  4243 | D        | Reached skill level 20 in Fighting
  4245 | D        | Noticed an eight-headed hydra
  4247 | D        | Killed a swamp dragon
  4255 | D        | Killed a 15-headed hydra
  4262 | D        | Killed a 12-headed hydra
  4262 | D        | Reached XP level 15. HP: 146/155 MP: 26/26
  4264 | D        | Killed a six-headed hydra
  4265 | D        | Killed a six-headed hydra
  4265 | D        | Reached skill level 18 in Dodging
  4266 | D        | Killed a swamp dragon
  4270 | D        | Killed an 11-headed hydra
  4277 | D        | Got a decaying rune of Zot
  4284 | D        | Noticed an emperor scorpion
  4284 | D        | Noticed a moth of wrath
  4284 | D        | Noticed an emperor scorpion
  4284 | D        | Noticed an emperor scorpion
  4288 | D        | Killed a ghost moth
  4289 | D        | Noticed a moth of wrath
  4300 | D        | Noticed an emperor scorpion
  4307 | D        | Killed an emperor scorpion
  4318 | D        | Killed an emperor scorpion
  4318 | D        | Reached skill level 23 in Long Blades
  4318 | D        | Reached skill level 20 in Armour
  4320 | D        | Killed a ghost moth
  4320 | D        | Reached skill level 20 in Shields
  4321 | D        | Killed a moth of wrath
  4330 | D        | Killed an emperor scorpion
  4333 | D        | Killed a moth of wrath
  4340 | D        | Killed an emperor scorpion
  4341 | D        | Noticed an emperor scorpion
  4342 | D        | Noticed an emperor scorpion
  4346 | D        | Noticed an emperor scorpion
  4346 | D        | Killed an emperor scorpion
  4346 | D        | Reached skill level 21 in Fighting
  4353 | D        | Killed an emperor scorpion
  4360 | D        | Killed an emperor scorpion
  4368 | D        | Killed a ghost moth
  4368 | D        | Reached skill level 19 in Dodging
  4370 | D        | Noticed a wolf spider
  4374 | D        | Killed a wolf spider
  4379 | D        | Got a gossamer rune of Zot
  4499 | D        | Noticed a merfolk avatar
  4499 | D        | Noticed a merfolk impaler
  4499 | D        | Noticed a merfolk impaler
  4499 | D        | Noticed a merfolk impaler
  4499 | D        | Noticed a merfolk aquamancer
  4499 | D        | Noticed a merfolk aquamancer
  4500 | D        | Noticed Ilsuiw
  4500 | D        | Noticed a merfolk avatar
  4502 | D        | Killed a merfolk aquamancer
  4505 | D        | Killed a merfolk aquamancer
  4508 | D        | Killed a merfolk impaler
  4509 | D        | Noticed a merfolk impaler
  4510 | D        | Noticed a merfolk avatar
  4511 | D        | Noticed a merfolk aquamancer
  4532 | D        | Killed a merfolk aquamancer
  4533 | D        | Noticed a merfolk impaler
  4535 | D        | Killed a merfolk avatar
  4536 | D        | Noticed a merfolk impaler
  4537 | D        | Killed a merfolk avatar
  4537 | D        | Reached skill level 21 in Armour
  4537 | D        | Reached skill level 21 in Shields
  4540 | D        | Got a barnacled rune of Zot
  4547 | D        | Killed a merfolk avatar
  4557 | D        | Killed a merfolk impaler
  4563 | D        | Killed a merfolk impaler
  4570 | D        | Killed a merfolk impaler
  4575 | D        | Killed a merfolk impaler
  4575 | D        | Reached skill level 24 in Long Blades
  4581 | D        | Killed a merfolk impaler
  4583 | D        | Noticed a guardian serpent
  4583 | D        | Noticed a greater naga
  4583 | D        | Noticed a naga warrior
  4583 | D        | Noticed a greater naga
  4583 | D        | Noticed a guardian serpent
  4583 | D        | Noticed a greater naga
  4584 | D        | Noticed a guardian serpent
  4584 | D        | Noticed a greater naga
  4584 | D        | Killed a guardian serpent
  4589 | D        | Killed Ilsuiw
  4589 | D        | Reached skill level 22 in Fighting
  4590 | D        | Killed a greater naga
  4597 | D        | Noticed a guardian serpent
  4598 | D        | Noticed a naga warrior
  4600 | D        | Killed a guardian serpent
  4601 | D        | Killed a guardian serpent
  4604 | D        | Noticed a naga warrior
  4607 | D        | Killed a naga warrior
  4611 | D        | Killed a greater naga
  4616 | D        | Killed a greater naga
  4616 | D        | Reached skill level 20 in Dodging
  4619 | D        | Killed a guardian serpent
  4626 | D        | Killed a greater naga
  4629 | D        | Killed a naga warrior
  4641 | D        | Killed a naga warrior
  4737 | D        | Noticed a naga warrior
  4738 | D        | Noticed a guardian serpent
  4740 | D        | Got a serpentine rune of Zot
  4745 | D        | Killed a naga warrior
  4748 | D        | Killed a guardian serpent
  4861 | D        | Noticed a vault guard
  4861 | D        | Noticed a vault guard
  4861 | D        | Noticed a vault guard
  4861 | D        | Noticed a vault guard
  4861 | D        | Noticed a vault guard
  4861 | D        | Noticed a vault guard
  4865 | D        | Killed a vault guard
  4865 | D        | Reached skill level 22 in Armour
  4865 | D        | Reached skill level 22 in Shields
  4868 | D        | Killed a vault guard
  4869 | D        | Noticed a vault guard
  4871 | D        | Killed a vault guard
  4871 | D        | Reached XP level 16. HP: 170/170 MP: 27/27
  4872 | D        | Noticed a vault guard
  4872 | D        | Killed a vault guard
  4874 | D        | Noticed a vault guard
  4876 | D        | Noticed a vault guard
  4876 | D        | Killed a vault guard
  4878 | D        | Noticed a vault guard
  4882 | D        | Killed a vault guard
  4885 | D        | Killed a vault guard
  4887 | D        | Killed a vault guard
  4893 | D        | Killed a vault guard
  4893 | D        | Reached skill level 25 in Long Blades
  4898 | D        | Killed a vault guard
  4898 | D        | Reached skill level 23 in Fighting
  4901 | D        | Killed a vault guard
  4904 | D        | Noticed a vault guard
  4905 | D        | Noticed a vault guard
  4905 | D        | Noticed a vault guard
  4906 | D        | Noticed a vault guard
  4907 | D        | Noticed a vault guard
  4911 | D        | Noticed a vault guard
  4912 | D        | Killed a vault guard
  4914 | D        | Noticed a vault guard
  4918 | D        | Killed a vault guard
  4919 | D        | Noticed a vault guard
  4924 | D        | Killed a vault guard
  4926 | D        | Killed a vault guard
  4926 | D        | Reached skill level 21 in Dodging
  4931 | D        | Killed a vault guard
  4939 | D        | Killed a vault guard
  4944 | D        | Killed a vault guard
  4946 | D        | Killed a vault guard
  4948 | D        | Noticed a vault guard
  4949 | D        | Noticed a vault guard
  4950 | D        | Noticed a vault guard
  4950 | D        | Noticed a vault guard
  4951 | D        | Noticed a vault guard
  4953 | D        | Noticed a vault guard
  4955 | D        | Killed a vault guard
  4961 | D        | Killed a vault guard
  4966 | D        | Killed a vault guard
  4966 | D        | Reached skill level 23 in Armour
  4966 | D        | Reached skill level 23 in Shields
  4972 | D        | Killed a vault guard
  4979 | D        | Killed a vault guard
  4984 | D        | Killed a vault guard
  4993 | D        | Noticed a golden dragon
  4993 | D        | Noticed a deep elf priest
  4993 | D        | Noticed a boulder beetle
  4993 | D        | Noticed a fire giant
  4993 | D        | Noticed an ironheart preserver
  4993 | D        | Noticed an ironheart preserver
  4994 | D        | Noticed a faun
  4998 | D        | a faun changed into a glowing shapeshifter
  5002 | D        | Killed an ironheart preserver
  5006 | D        | Killed an ironheart preserver
  5008 | D        | Killed a fire giant
  5009 | D        | Noticed a flayed ghost
  5009 | D        | Noticed an ettin
  5016 | D        | Killed a golden dragon
  5016 | D        | Reached skill level 24 in Fighting
  5018 | D        | Noticed a vault sentinel
  5020 | D        | Noticed a shadow dragon
  5023 | D        | Killed a boulder beetle
  5024 | D        | Killed a deep elf priest
  5024 | D        | Gained mutation: Armour fits poorly on your strangely shaped body. [a shining eye]
  5025 | D        | Noticed a shadow dragon
  5026 | D        | Noticed a wolf spider
  5034 | D        | Killed a flayed ghost
  5034 | D        | Reached skill level 26 in Long Blades
  5036 | D        | Killed an ettin
  5037 | D        | Noticed a hornet
  5042 | D        | Noticed an ogre mage
  5044 | D        | Noticed a fire giant
  5044 | D        | Killed a shadow dragon
  5045 | D        | Noticed a necromancer
  5052 | D        | Killed a shadow dragon
  5052 | D        | Reached skill level 22 in Dodging
  5057 | D        | Killed a vault sentinel
  5062 | D        | Killed a wolf spider
  5065 | D        | Killed a fire giant
  5068 | D        | Killed a hornet
  5074 | D        | Killed an ogre mage
  5074 | D        | Reached skill level 24 in Armour
  5074 | D        | Reached skill level 24 in Shields
  5078 | D        | Killed a necromancer
  5175 | D        | Noticed a shadow dragon
  5175 | D        | Noticed a tentacled monstrosity
  5175 | D        | Noticed a lich
  5175 | D        | Noticed an ancient lich
  5175 | D        | Noticed a shadow dragon
  5175 | D        | Noticed a green very ugly thing
  5179 | D        | Killed a green very ugly thing
  5183 | D        | Noticed a stone giant
  5184 | D        | Killed an ancient lich
  5189 | D        | Noticed a quicksilver dragon
  5189 | D        | Killed a shadow dragon
  5197 | D        | Killed a lich
  5197 | D        | Reached skill level 25 in Fighting
  5204 | D        | Killed a tentacled monstrosity
  5206 | D        | Noticed a shadow dragon
  5210 | D        | Killed a shadow dragon
  5210 | D        | Reached skill level 27 in Long Blades
  5210 | D        | Reached XP level 17. HP: 96/185 MP: 28/28
  5217 | D        | Killed a stone giant
  5217 | D        | Reached skill level 23 in Dodging
  5221 | D        | Killed a shadow dragon
  5230 | D        | Killed a quicksilver dragon
  5230 | D        | Reached skill level 25 in Armour
  5230 | D        | Reached skill level 25 in Shields
  5236 | D        | Got a silver rune of Zot
  5325 | D        | Got the ring "Yrphoz" {MP+9 AC+3 Slay+2}
  5327 | D        | Got the amulet of Benevolence {Spirit rElec}
  5329 | D        | Got the amulet "Weitsuas" {rCorr Str+2 Dex+6}
  5331 | D        | Got the ring "Xetisaep" {rPois rF++ Str-4 Int+3 SInv}
  5333 | D        | Got the ring of Qocsutz {*Confuse Str+7 SInv}
  5378 | D        | Got the +5 bardiche of Louvvitoego {chop, rElec}
  5382 | D        | Got the +5 bardiche of Valour {venom, *Noise rPois SInv}
  5385 | D        | Got the +5 triple crossbow "Dabror" {flame, rC+ MP+9}
  5510 | D        | Noticed Norris
  5510 | D        | Noticed Nikola
  5510 | D        | Noticed a hell knight
  5512 | D        | Noticed a necromancer
  5513 | D        | Noticed Margery
  5517 | D        | Killed a hell knight
  5521 | D        | Killed a necromancer
  5521 | D        | Paralysed by Norris for 2 turns
  5524 | D        | Noticed a hell knight
  5524 | D        | Noticed a necromancer
  5531 | D        | Killed Margery
  5532 | D        | Noticed Mennas
  5533 | D        | Killed a hell knight
  5539 | D        | Killed Norris
  5539 | D        | Reached skill level 26 in Fighting
  5540 | D        | Killed Nikola
  5543 | D        | Killed a necromancer
  5562 | D        | Noticed Mara
  5565 | D        | Noticed hexophile's illusion
  5569 | D        | Killed Mara
  5569 | D        | Reached skill level 26 in Armour
  5569 | D        | Reached skill level 24 in Dodging
  5569 | D        | Reached skill level 26 in Shields
  5587 | D        | Noticed Xtahua
  5606 | D        | Killed Xtahua
  5668 | D        | Noticed Louise
  5685 | D        | Killed Louise
  5720 | D        | Noticed Boris
  5729 | D        | Noticed Jory
  5732 | D        | Killed Boris
  5732 | D        | Reached skill level 27 in Fighting
  5747 | D        | Killed Jory
  5749 | D        | Noticed Frederick
  5756 | D        | Killed Frederick
  5756 | D        | Reached skill level 27 in Armour
  5756 | D        | Reached skill level 25 in Dodging
  5756 | D        | Reached skill level 27 in Shields
  5792 | D        | Noticed a griffon
  5792 | D        | Noticed a manticore
  5792 | D        | Noticed an eight-headed hydra
  5792 | D        | Noticed a red ugly thing
  5792 | D        | Noticed a slime creature
  5795 | D        | Killed a slime creature
  5797 | D        | Killed a red ugly thing
  5803 | D        | Killed a 14-headed hydra
  5808 | D        | Killed a manticore
  5809 | D        | Noticed a wight
  5809 | D        | Killed a griffon
  5809 | D        | Reached skill level 26 in Dodging
  5812 | D        | Noticed a hill giant
  5813 | D        | Killed a wight
  5816 | D        | Killed a hill giant
  5868 | D        | Noticed a white draconian
  5868 | D        | Noticed an ice dragon
  5868 | D        | Noticed a storm dragon
  5868 | D        | Noticed a storm dragon
  5868 | D        | Noticed a storm dragon
  5868 | D        | Noticed a bone dragon
  5874 | D        | Noticed a yellow draconian
  5874 | D        | Killed a bone dragon
  5878 | D        | Killed a storm dragon
  5878 | D        | Reached skill level 27 in Dodging
  5883 | D        | Noticed a white draconian
  5883 | D        | Killed a storm dragon
  5883 | D        | Reached skill level 9 in Spellcasting
  5886 | D        | Noticed a black draconian
  5887 | D        | Killed a storm dragon
  5887 | D        | Reached skill level 15 in Invocations
  5890 | D        | Killed an ice dragon
  5897 | D        | Noticed a purple draconian
  5900 | D        | Killed a white draconian
  5902 | D        | Noticed a mottled draconian
  5905 | D        | Noticed a red draconian
  5906 | D        | Killed a yellow draconian
  5906 | D        | Reached skill level 10 in Spellcasting
  5915 | D        | Killed a white draconian
  5919 | D        | Killed a black draconian
  5925 | D        | Killed a purple draconian
  5925 | D        | Reached skill level 16 in Invocations
  5932 | D        | Killed a mottled draconian
  5937 | D        | Killed a red draconian
  5958 | D        | Noticed a yellow draconian caller
  5958 | D        | Noticed a storm dragon
  5958 | D        | Noticed a moth of wrath
  5958 | D        | Noticed a red draconian
  5958 | D        | Noticed a moth of wrath
  5958 | D        | Noticed a green draconian
  5964 | D        | Killed a green draconian
  5964 | D        | Reached skill level 11 in Spellcasting
  5966 | D        | Killed a moth of wrath
  5966 | D        | Reached XP level 18. HP: 200/200 MP: 32/32
  5971 | D        | Killed a red draconian
  5973 | D        | Killed a moth of wrath
  5974 | D        | Noticed a fire dragon
  5977 | D        | Killed a storm dragon
  5977 | D        | Reached skill level 17 in Invocations
  5985 | D        | Killed a yellow draconian caller
  5990 | D        | Killed a fire dragon
  5995 | D        | Noticed a green draconian
  5995 | D        | Noticed a green draconian monk
  5995 | D        | Noticed a moth of wrath
  5995 | D        | Noticed a green draconian
  5995 | D        | Noticed a purple draconian
  5995 | D        | Noticed a red draconian monk
  5999 | D        | Noticed a green draconian
  6001 | D        | Killed a red draconian monk
  6012 | D        | Noticed a white draconian
  6017 | D        | Killed a green draconian monk
  6017 | D        | Reached skill level 12 in Spellcasting
  6017 | D        | Reached skill level 18 in Invocations
  6018 | D        | Killed a purple draconian
  6026 | D        | Killed a green draconian
  6028 | D        | Killed a moth of wrath
  6032 | D        | Killed a green draconian
  6035 | D        | Killed a green draconian
  6038 | D        | Killed a white draconian
  6045 | D        | Noticed a moth of wrath
  6045 | D        | Noticed a fire dragon
  6045 | D        | Noticed a black draconian
  6045 | D        | Noticed a death cob
  6045 | D        | Noticed a yellow draconian scorcher
  6045 | D        | Noticed an ice dragon
  6046 | D        | Noticed a yellow draconian
  6052 | D        | Killed an ice dragon
  6054 | D        | Killed a yellow draconian scorcher
  6054 | D        | Reached skill level 13 in Spellcasting
  6054 | D        | Reached skill level 19 in Invocations
  6057 | D        | Killed a death cob
  6058 | D        | Noticed a golden dragon
  6064 | D        | Noticed a moth of wrath
  6065 | D        | Killed a black draconian
  6073 | D        | Killed a fire dragon
  6078 | D        | Killed a moth of wrath
  6085 | D        | Killed a yellow draconian
  6093 | D        | Killed a golden dragon
  6093 | D        | Reached skill level 14 in Spellcasting
  6093 | D        | Reached skill level 20 in Invocations
  6096 | D        | Killed a moth of wrath
  6103 | D        | Noticed a moth of wrath
  6103 | D        | Noticed a mottled draconian monk
  6103 | D        | Noticed a moth of wrath
  6103 | D        | Noticed a storm dragon
  6103 | D        | Noticed a yellow draconian
  6103 | D        | Noticed a golden dragon
  6110 | D        | Noticed a black draconian
  6110 | D        | Killed a golden dragon
  6111 | D        | Noticed a red draconian
  6116 | D        | Killed a yellow draconian
  6121 | D        | Noticed a white draconian
  6122 | D        | Killed a storm dragon
  6134 | D        | Killed a mottled draconian monk
  6134 | D        | Reached skill level 21 in Invocations
  6137 | D        | Killed a moth of wrath
  6139 | D        | Killed a moth of wrath
  6145 | D        | Killed a black draconian
  6145 | D        | Reached skill level 15 in Spellcasting
  6150 | D        | Killed a red draconian
  6153 | D        | Killed a white draconian
  6242 | D        | Noticed an Orb Guardian
  6242 | D        | Noticed an Orb Guardian
  6242 | D        | Noticed an Orb Guardian
  6242 | D        | Noticed an Orb Guardian
  6242 | D        | Noticed an Orb Guardian
  6242 | D        | Noticed an Orb Guardian
  6248 | D        | Killed an Orb Guardian
  6256 | D        | Killed an Orb Guardian
  6261 | D        | Killed an Orb Guardian
  6261 | D        | Reached skill level 22 in Invocations
  6262 | D        | Noticed an Orb Guardian
  6265 | D        | Killed an Orb Guardian
  6265 | D        | Reached skill level 16 in Spellcasting
  6270 | D        | Noticed an Orb Guardian
  6270 | D        | Killed an Orb Guardian
  6275 | D        | Killed an Orb Guardian
  6280 | D        | Killed an Orb Guardian
  6280 | D        | Reached skill level 23 in Invocations
  6284 | D        | Killed an Orb Guardian
  6285 | D        | Noticed an Orb Guardian
  6286 | D        | Noticed an Orb Guardian
  6291 | D        | Killed an Orb Guardian
  6291 | D        | Reached skill level 17 in Spellcasting
  6298 | D        | Killed an Orb Guardian
  6306 | D        | Noticed a moth of wrath
  6306 | D        | Noticed a moth of wrath
  6306 | D        | Noticed an Orb Guardian
  6306 | D        | Noticed an Orb Guardian
  6306 | D        | Noticed a moth of wrath
  6306 | D        | Noticed a mottled draconian
  6307 | D        | Noticed an Orb Guardian
  6313 | D        | Noticed an Orb Guardian
  6313 | D        | Killed a mottled draconian
  6328 | D        | Killed an Orb Guardian
  6328 | D        | Reached skill level 24 in Invocations
  6334 | D        | Killed an Orb Guardian
  6339 | D        | Killed an Orb Guardian
  6345 | D        | Killed an Orb Guardian
  6348 | D        | Killed a moth of wrath
  6351 | D        | Killed a moth of wrath
  6351 | D        | Reached skill level 18 in Spellcasting
  6351 | D        | Reached XP level 19. HP: 207/207 MP: 40/40
  6354 | D        | Killed a moth of wrath
  6361 | D        | Noticed an ancient lich
  6366 | D        | Killed an ancient lich
  6366 | D        | Reached skill level 25 in Invocations
  6368 | D        | Noticed an orb of fire
  6386 | D        | Killed an orb of fire
  6386 | D        | Reached skill level 19 in Spellcasting
  6386 | D        | Reached skill level 26 in Invocations
  6389 | D        | Noticed an electric golem
  6399 | D        | Noticed a purple draconian
  6399 | D        | Noticed a moth of wrath
  6399 | D        | Noticed a purple draconian
  6399 | D        | Noticed an Orb Guardian
  6399 | D        | Noticed an Orb Guardian
  6399 | D        | Noticed an electric golem
  6404 | D        | Noticed an orb of fire
  6405 | D        | Killed an electric golem
  6410 | D        | Killed an Orb Guardian
  6412 | D        | Killed an electric golem
  6413 | D        | Killed an Orb Guardian
  6414 | D        | Noticed a shadow dragon
  6415 | D        | Noticed an orb of fire
  6418 | D        | Noticed an electric golem
  6424 | D        | Killed an orb of fire
  6424 | D        | Reached skill level 20 in Spellcasting
  6424 | D        | Reached skill level 27 in Invocations
  6428 | D        | Noticed a golden dragon
  6430 | D        | Killed an orb of fire
  6430 | D        | Reached skill level 21 in Spellcasting
  6430 | D        | Killed a moth of wrath
  6432 | D        | Noticed a moth of wrath
  6434 | D        | Killed a purple draconian
  6438 | D        | Killed a purple draconian
  6443 | D        | Noticed an orb of fire
  6445 | D        | Killed a golden dragon
  6446 | D        | Noticed a golden dragon
  6450 | D        | Killed a shadow dragon
  6453 | D        | Gained mutation: Your body sometimes deteriorates upon taking damage. [an orb of fire]
  6457 | D        | Killed a human
  6464 | D        | Killed an orb of fire
  6464 | D        | Reached skill level 22 in Spellcasting
  6470 | D        | Killed a moth of wrath
  6470 | D        | Killed an electric golem
  6471 | D        | Killed a golden dragon
  6471 | D        | Reached skill level 23 in Spellcasting
  6649 | D        | Noticed an Orb Guardian
  6649 | D        | Noticed an Orb Guardian
  6649 | D        | Noticed an Orb Guardian
  6649 | D        | Noticed an Orb Guardian
  6649 | D        | Noticed an Orb Guardian
  6649 | D        | Noticed an Orb Guardian
  6651 | D        | Killed an Orb Guardian
  6652 | D        | Noticed a moth of wrath
  6655 | D        | Noticed an Orb Guardian
  6656 | D        | Killed an Orb Guardian
  6661 | D        | Killed an Orb Guardian
  6665 | D        | Killed an Orb Guardian
  6665 | D        | Reached skill level 24 in Spellcasting
  6669 | D        | Killed an Orb Guardian
  6672 | D        | Killed an Orb Guardian
  6674 | D        | Killed an Orb Guardian
  6675 | D        | Noticed an Orb Guardian
  6675 | D        | Killed a moth of wrath
  6677 | D        | Noticed an Orb Guardian
  6682 | D        | Killed an Orb Guardian
  6685 | D        | Killed an Orb Guardian
  6685 | D        | Reached skill level 25 in Spellcasting
  6685 | D        | Reached XP level 20. HP: 216/216 MP: 48/48
  6686 | D        | Noticed an Orb Guardian
  6687 | D        | Noticed an Orb Guardian
  6695 | D        | Killed an Orb Guardian
  6697 | D        | Killed an Orb Guardian
  6698 | D        | Noticed a moth of wrath
  6699 | D        | Noticed an Orb Guardian
  6701 | D        | Killed a moth of wrath
  6706 | D        | Killed an Orb Guardian
  6786 | D        | Noticed a vampire knight
  6786 | D        | Noticed a vampire knight
  6786 | D        | Noticed a vampire knight
  6786 | D        | Noticed a vampire knight
  6786 | D        | Noticed a vampire knight
  6786 | D        | Noticed an ancient lich
  6790 | D        | Noticed an ancient lich
  6795 | D        | Noticed a lich
  6796 | D        | Killed an ancient lich
  6796 | D        | Reached skill level 26 in Spellcasting
  6798 | D        | Noticed a vampire knight
  6798 | D        | Noticed a vampire knight
  6799 | D        | Killed a vampire knight
  6800 | D        | Killed a vampire knight
  6801 | D        | Killed a vampire knight
  6801 | D        | Killed a vampire knight
  6803 | D        | Noticed a vampire knight
  6804 | D        | Killed an ancient lich
  6806 | D        | Killed a lich
  6806 | D        | Reached skill level 27 in Spellcasting
  6806 | D        | Reached skill level 4 in Evocations
  6807 | D        | Killed a vampire knight
  6807 | D        | Reached skill level 5 in Evocations
  6810 | D        | Killed a vampire knight
  6810 | D        | Reached skill level 6 in Evocations
  6815 | D        | Killed a vampire knight
  6815 | D        | Reached skill level 7 in Evocations
  6819 | D        | Killed a vampire knight
  6819 | D        | Reached skill level 8 in Evocations
  6832 | D        | Noticed a spriggan baker
  6832 | D        | Noticed a spriggan baker
  6832 | D        | Noticed a spriggan baker
  6832 | D        | Noticed a spriggan baker
  6832 | D        | Noticed a spriggan baker
  6832 | D        | Noticed a spriggan baker
  6835 | D        | Killed a spriggan baker
  6836 | D        | Killed a spriggan baker
  6838 | D        | Killed a spriggan baker
  6838 | D        | Reached skill level 9 in Evocations
  6839 | D        | Noticed a spriggan baker
  6841 | D        | Noticed a spriggan baker
  6841 | D        | Killed a spriggan baker
  6843 | D        | Killed a spriggan baker
  6844 | D        | Noticed a spriggan baker
  6845 | D        | Killed a spriggan baker
  6847 | D        | Killed a spriggan baker
  6848 | D        | Killed a spriggan baker
  6850 | D        | Noticed a spriggan baker
  6852 | D        | Killed a spriggan baker
  6854 | D        | Killed a spriggan baker
  6857 | D        | Noticed a spriggan baker
  6863 | D        | Killed a spriggan baker
  6962 | D        | Got the Orb of Zot
  7161 | D        | Reached skill level 10 in Evocations
  7280 | D        | Reached skill level 11 in Evocations
  7361 | D        | Noticed Gohid the pandemonium lord
  7365 | D        | Noticed Fakhelei the pandemonium lord
  7378 | D        | Killed Gohid the pandemonium lord
  7378 | D        | Reached skill level 13 in Evocations
  7381 | D        | Killed Fakhelei the pandemonium lord
  7381 | D        | Reached skill level 14 in Evocations
  7393 | D        | Reached skill level 15 in Evocations
  7588 | D        | Reached skill level 16 in Evocations
  7738 | D        | Reached skill level 17 in Evocations
  7776 | D        | Reached skill level 18 in Evocations
  7813 | D        | Noticed Emniumn the pandemonium lord
  7818 | D        | Reached skill level 19 in Evocations
  7828 | D        | Killed Emniumn the pandemonium lord
  7867 | D        | Reached skill level 20 in Evocations
  7954 | D        | Lost mutation: Your body sometimes deteriorates upon taking damage. [potion of cure mutation]
  7954 | D        | Lost mutation: Armour fits poorly on your strangely shaped body. [potion of cure mutation]
  7956 | D        | Noticed Yfealoph the pandemonium lord
  7966 | D        | Paralysed by Yfealoph for 5 turns
  7979 | D        | Killed Yfealoph the pandemonium lord
  7979 | D        | Reached skill level 21 in Evocations
  8012 | D        | Reached skill level 22 in Evocations
  8092 | D        | Reached skill level 23 in Evocations
  8113 | D        | Noticed Biav the pandemonium lord
  8121 | D        | Noticed a golden dragon
  8130 | D        | Killed Biav the pandemonium lord
  8130 | D        | Reached skill level 24 in Evocations
  8130 | D        | Reached XP level 21. HP: 202/224 MP: 51/51
  8213 | D        | Reached skill level 25 in Evocations
  8216 | D        | Noticed Bofa the pandemonium lord
  8233 | D        | Killed Bofa the pandemonium lord
  8241 | D        | Reached skill level 26 in Evocations
  8408 | D        | Reached skill level 1 in Maces & Flails
  8439 | D        | Noticed Zexi the pandemonium lord
  8440 | D        | Reached skill level 4 in Maces & Flails
  8445 | D        | Reached skill level 5 in Maces & Flails
  8458 | D        | Killed Zexi the pandemonium lord
  8458 | D        | Reached skill level 12 in Maces & Flails
  8475 | D        | Reached skill level 14 in Maces & Flails
  8501 | D        | Noticed a seraph
  8503 | D        | --sht
  8505 | D        | Killed a seraph
  8505 | D        | Reached skill level 18 in Maces & Flails
  8522 | D        | Gained mutation: You are weak. (Str -2) [a neqoxec]
  8523 | D        | Gained mutation: Your magical capacity is low (-10% MP). [a neqoxec]
  8560 | D        | Gained mutation: You expend magic power (3 MP) to strengthen your wands. [a neqoxec]
  8600 | D        | Reached skill level 19 in Maces & Flails
  8646 | D        | Reached skill level 20 in Maces & Flails
  8698 | D        | Reached skill level 21 in Maces & Flails
  8740 | D        | Reached skill level 22 in Maces & Flails
  8793 | D        | Killed Mennas
  8793 | D        | Reached skill level 24 in Maces & Flails
  8841 | D        | HP: 10/224 [??? (7)]
  8844 | D        | Killed from afar by a Brimstone Fiend

Table legend:
 A = Turns spent in this place as a percentage of turns spent in the entire game.
 B = Non-inter-level travel turns spent in this place as a percentage of non-inter-level travel turns spent in the entire game.
 C = Inter-level travel turns spent in this place as a percentage of turns spent in this place.
 D = Turns resting spent in this place as a percentage of non-inter-level travel turns spent in this place.
 E = Turns spent auto-exploring this place as a percentage of non-inter-level travel turns spent in this place.
 F = Non-inter-level travel turns spent in this place divided by the number of levels of this place that you've seen.
                   A       B       C       D       E      F
               +-------+-------+-------+-------+-------+----------------------
         Total | 100.0 | 100.0 |   0.8 |   1.7 |   0.7 | 5219.0
       Dungeon | 100.0 | 100.0 |   0.8 |   1.7 |   0.7 | 5219.0
               +-------+-------+-------+-------+-------+----------------------

Table legend:
 A = Kills in this place as a percentage of kills in entire the game.
 B = Kills by you in this place as a percentage of kills by you in the entire game.
 C = Kills by friends in this place as a percentage of kills by friends in the entire game.
 D = Other kills in this place as a percentage of other kills in the entire game.
 E = Experience gained in this place as a percentage of experience gained in the entire game.
 F = Experience gained in this place divided by the number of levels of this place that you have seen.
                   A       B       C       D       E      F
               +-------+-------+-------+-------+-------+----------------------
         Total | 100.0 | 100.0 |  -nan | 100.0 | 100.0 | 658112.0
       Dungeon | 100.0 | 100.0 |  -nan | 100.0 | 100.0 | 658112.0
               +-------+-------+-------+-------+-------+----------------------

Vanquished Creatures
  A seraph (D)
  4 orbs of fire (D)
  Mara (D)
  Mennas (D)
  4 ancient liches (D)
  Boris (D)
  Frederick (D)
  Margery (D)
  Norris (D)
  5 golden dragons (D)
  Nikola (D)
  Jory (D)
  7 pandemonium lords (D)
  A bone dragon (D)
  Xtahua (D)
  3 electric golems (D)
  7 liches (D)
  A Hell Sentinel (D)
  A tentacled monstrosity (D)
  An Ice Fiend (D)
  38 Orb Guardians (D)
  A quicksilver dragon (D)
  An Executioner (D)
  A Shadow Fiend (D)
  A death cob (D)
  A sphinx (D)
  6 storm dragons (D)
  6 shadow dragons (D)
  Kirke (D)
  A tengu reaver (D)
  3 draconian monks (D)
  Ilsuiw (D)
  5 greater nagas (D)
  4 fire giants (D)
  A draconian scorcher (D)
  A frost giant (D)
  Louise (D)
  7 emperor scorpions (D)
  3 vault wardens (D)
  3 angels (D)
  A reaper (D)
  4 ghost moths (D)
  3 ironheart preservers (D)
  3 stone giants (D)
  A draconian caller (D)
  A very ugly thing (D)
  4 green draconians (D)
  A corrupter (D)
  3 lorocyprocas (D)
  4 purple draconians (D)
  8 vampire knights (D)
  3 black draconians (D)
  A chaos champion (D)
  2 mottled draconians (D)
  4 white draconians (D)
  3 red draconians (D)
  3 ettins (D)
  3 yellow draconians (D)
  A merfolk javelineer (D)
  25 vault guards (D)
  7 merfolk impalers (D)
  A blizzard demon (D)
  Josephine (D)
  A green death (D)
  5 fire dragons (D)
  2 yaktaur captains (D)
  2 entropy weavers (D)
  2 ice dragons (D)
  2 rakshasas (D)
  4 naga warriors (D)
  A hell beast (D)
  8 hydras (D)
  10 ogre magi (D)
  4 merfolk avatars (D)
  An alligator (D)
  3 centaur warriors (D)
  3 merfolk aquamancers (D)
  2 deep troll earth magi (D)
  2 tengu warriors (D)
  A naga sharpshooter (D)
  Sonja (D)
  A shock serpent (D)
  2 hell knights (D)
  3 sun demons (D)
  A shadow wraith (D)
  A flayed ghost (D)
  A salamander mystic (D)
  7 swamp dragons (D)
  3 infernal demonspawn (D)
  A death drake (shapeshifter) (D)
  An ice devil (D)
  A sea snake (D)
  A torturous demonspawn (D)
  A shadow demon (D)
  A shambling mangrove (D)
  A hill giant (D)
  3 necromancers (D)
  A giant orange brain (D)
  5 wolf spiders (D)
  6 ugly things (D)
  A salamander (D)
  A cyclops (D)
  A mana viper (D)
  7 orc knights (D)
  A griffon (D)
  A hornet (D)
  A sixfirhy (D)
  4 manticores (D)
  5 rust devils (D)
  17 moths of wrath (D)
  2 vault sentinels (D)
  A smoke demon (D)
  5 orange demons (D)
  A black mamba (D)
  5 guardian serpents (D)
  3 yaktaurs (D)
  2 naga magi (D)
  2 spiny frogs (D)
  2 demonic crawlers (D)
  An efreet (D)
  3 komodo dragons (D)
  A hellwing (D)
  A tormentor (D)
  2 red devils (D)
  A merfolk (D)
  A giant leech (D)
  2 blue devils (D)
  A deep elf priest (D)
  3 large abominations (D)
  A wind drake (D)
  4 slime creatures (D)
  A small abomination (D)
  A snapping turtle (D)
  2 bog bodies (D)
  2 jumping spiders (D)
  5 two-headed ogres (D)
  2 blink frogs (D)
  2 boulder beetles (D)
  3 wraiths (D)
  11 spriggans (D)
  A trapdoor spider (D)
  A ynoxinul (D)
  4 hogs (D)
  4 neqoxecs (D)
  4 golden eyes (D)
  A yak (D)
  Grum (D)
  A chaos spawn (D)
  2 hungry ghosts (D)
  A human (D)
  4 wargs (D)
  4 water moccasins (D)
  6 wolves (D)
  A hippogriff (D)
  11 orc warriors (D)
  A hell hound (D)
  A naga (D)
  An eye of draining (D)
  An ice beast (D)
  3 ogres (D)
  A phantom (D)
  A crocodile (D)
  2 centaurs (D)
  3 giant frogs (D)
  A killer bee (D)
  A scorpion (D)
  A wight (D)
  2 crimson imps (D)
  A quasit (D)
  4 orc priests (D)
  A hound (D)
  2 iron imps (D)
  4 orc wizards (D)
  2 iguanas (D)
  An adder (D)
  An adder skeleton (D)
  A worm (D)
  A giant gecko (D)
  3 orcs (D)
  A bat zombie (D)
  A giant cockroach (D)
  A goblin (D)
  A hobgoblin (D)
  2 kobolds (D)
  A quokka skeleton (D)
517 creatures vanquished.

Vanquished Creatures (others)
  A human (D)
  An iron imp (D)
  2 fulminant prisms (D)
4 creatures vanquished.

Grand Total: 521 creatures vanquished
